 Dungeon Crawl Stone Soup version 0.29-a0-91-gdebf4667c2 (webtiles) character file.

Game seed: 5016763817908640402

8 GrandestGuy the Cudgeller (level 2, 0/27 HPs)
             Began as a Minotaur Berserker on Feb 7, 2022.
             Was a Follower of Trog.
             Slain by a ball python (2 damage)
             ... on level 1 of the Dungeon.
             The game lasted 00:02:24 (96 turns).

GrandestGuy the Cudgeller (Minotaur Berserker)        Turns: 96, Time: 00:02:24

Health: 0/27       AC:  2    Str: 21    XL:     2   Next: 0%
Magic:  1/1        EV: 12    Int:  4    God:    Trog [*.....]
Gold:   1          SH:  0    Dex:  9    Spells: 1/1 levels left

rFire   . . .      SeeInvis .   a - +0 mace
rCold   . . .      Faith    .   (no shield)
rNeg    . . .      Spirit   .   b - +0 animal skin
rPois   .          Reflect  .   (helmet restricted)
rElec   .          Harm     .   (no cloak)
rCorr   .          Rampage  .   (no gloves)
Will    .....                   (no boots)
Stlth   +.........              (no amulet)
HPRegen 0.09/turn               (no ring)
MPRegen 0.07/turn               (no ring)

@: no status effects
A: horns 2, retaliatory headbutt
a: Renounce Religion, Berserk


You were on level 1 of the Dungeon.
You worshipped Trog.
Trog was aware of your devotion.
You visited 1 branch of the dungeon, and saw 1 of its levels.

You collected 1 gold pieces.

Inventory:

Hand Weapons
 a - a +0 mace (weapon)
Armour
 b - a +0 animal skin (worn)
Potions
 c - a potion of resistance {unknown}


   Skills:
 + Level 3.9 Fighting
 + Level 3.9 Maces & Flails
 + Level 2.5 Armour
 + Level 2.3 Dodging


You had one spell level left.
You didn't know any spells.
Your spell library was empty.

Dungeon Overview and Level Annotations

Branches:
Dungeon (1/15)

Altars:


Innate Abilities, Weirdness & Mutations

You have a pair of horns on your head.
You reflexively headbutt those who attack you in melee.


Message History

Trog accepts your kill.
You see here a hobgoblin corpse.
You hit the hobgoblin but do no damage. The ball python closely misses you.
The ball python grabs you. The ball python constricts you.
The hobgoblin hits you but does no damage.
You closely miss the hobgoblin.
The ball python bites you but does no damage.
The ball python constricts you. The hobgoblin hits you.
The ball python closely misses you. The ball python constricts you.
You hit the hobgoblin but do no damage.
The hobgoblin hits you but does no damage.
The ball python bites you but does no damage.
The ball python constricts you.
You barely miss the hobgoblin. The hobgoblin hits you.
The ball python barely misses you. You furiously retaliate!
You headbutt the ball python. The ball python constricts you.
The hobgoblin hits you.
You hit the hobgoblin.
The hobgoblin is heavily wounded.
The ball python bites you. The ball python constricts you.
The ball python closely misses you. The ball python constricts you.
The hobgoblin hits you.
* * * LOW HITPOINT WARNING * * *
You sock the hobgoblin!
You kill the hobgoblin!
Trog accepts your kill. The ball python bites you.
* * * LOW HITPOINT WARNING * * *
The ball python constricts you.
You have reached level 2!
Unknown command.
Unknown command.
The ball python's grasp on you weakens, but your attempt to escape fails.
The ball python bites you.
* * * LOW HITPOINT WARNING * * *
The ball python constricts you.
* * * LOW HITPOINT WARNING * * *
You escape the ball python's grasp.
The ball python bites you.
You die...

##### .. ... ...
... ######.## ...
#.......# #.#
#.......# #.#
#@.[..... #.#
#S......# #.#
#.......#
#.#########††......
#..................
#.#########........
#.# #........
###.### #.......#
#.....# .....####


You could see a ball python.

Vanquished Creatures
  4 hobgoblins (D:1)
  A quokka (D:1)
  A ball python (D:1)
  A rat (D:1)
7 creatures vanquished.

Notes
Turn   | Place    | Note
-------+----------+-------------------------------------------
     0 | D:1      | GrandestGuy the Minotaur Berserker began the quest for the
                  | Orb.
     0 | D:1      | Reached XP level 1. HP: 19/19 MP: 0/0
    93 | D:1      | Reached XP level 2. HP: 5/27 MP: 1/1
    96 | D:1      | Slain by a ball python

Illustrated notes

Levels and vault maps discovered:
D:1:      dpeg_arrival_rooms_b, layout_rooms, amcnicky_mini_rare_corridor_liquid

Action                   || total
-------------------------++-------
Melee: Mace              ||    17
       Headbutt          ||     1
Armor: Animal skin       ||     6
Dodge: Dodged            ||    20

Table legend: (Time is in decaauts)
 A = Elapsed time spent in this place.
 B = Non-inter-level travel time spent in this place.
 C = Inter-level travel time spent in this place.
 D = Time resting spent in this place.
 E = Time spent auto-exploring this place.
 F = Levels seen in this place.
 G = Mean time per level.
                   A        B        C        D        E       F      G
               +--------+--------+--------+--------+--------+-----+--------+
         Total |     99 |     74 |     25 |      0 |      0 |   1 |   99.0 |
       Dungeon |     99 |     74 |     25 |      0 |      0 |   1 |   99.0 |
               +--------+--------+--------+--------+--------+-----+--------+

Top non-repeatable levels by time:
     D:1: 99 daAuts
